 Dungeon Crawl Stone Soup version 0.31-a0-1074-g0b22e4e0f1 (webtiles) character file.

Game seed: 13681118041480821908

943 BigPumpCobain the Ruffian (level 7, 0/52 HPs)
             Began as a Red Draconian Shapeshifter on Dec 4, 2023.
             Was an Initiate of Qazlal.
             Slain by an orc
             ... wielding a +1 war axe of electrocution
              (10 damage)
             ... on level 6 of the Dungeon.
             The game lasted 00:09:15 (4080 turns).

BigPumpCobain the Ruffian (DrSh)                    Turns: 4080, Time: 00:09:16

Health: 0/52       AC:  6    Str: 24    XL:     7   Next: 88%
Magic:  7/7        EV: 12    Int:  8    God:    Qazlal [......]
Gold:   244        SH:  0    Dex: 15    Spells: 6/6 levels left

rFire   + .          .
                       - Unarmed
rCold   . . .        (no shield)
rNeg    + . .        (body armour unavailable)
rPois   .            (helmet currently unavailable)
rElec   .            (cloak currently unavailable)
rCorr   +            (gloves currently unavailable)
SInv    .            (boots currently unavailable)
Will    .....        n - amulet of reflection
Stlth   +            v - ring of positive energy
HPRegen 0.28/turn    x - ring "Atetoirph" {Will- rCorr Str+6 Int-2 Dex+4}
MPRegen 0.10/turn

%: reflection
@: confused, short of breath, beast-form
A: beast (slay +3), breathe fire, AC +6, unfitting armour, fire resistance 1,
cold-blooded
a: Breathe Fire, Begin Untransformation, Renounce Religion


You were on level 6 of the Dungeon.
You worshipped Qazlal.
Qazlal was noncommittal.
You were a hulking beast.
You visited 2 branches of the dungeon, and saw 7 of its levels.

You collected 244 gold pieces.

Inventory:

Hand Weapons
 a - a +2 dagger of venom
 f - a +0 short sword of flaming
 A - the +3 short sword "Zason" {speed, Str+4 Int+4}
   (You took it off an orc priest on level 4 of the Dungeon)

   Str+4:     It affects your strength (+4).
   Int+4:     It affects your intelligence (+4).
 D - a +0 whip of flaming
Missiles
 C - a throwing net
Jewellery
 n - an amulet of reflection (around neck)
 v - a ring of positive energy (left hand)
 x - the ring "Atetoirph" (right hand) {Will- rCorr Str+6 Int-2 Dex+4}
   (You found it on level 3 of the Dungeon)

   [ring of strength]

   Str+6:     It affects your strength (+6).
   Int-2:     It affects your intelligence (-2).
   Dex+4:     It affects your dexterity (+4).
   Will-:     It decreases your willpower.
   rCorr:     It protects you from acid and corrosion.
 y - a ring of magical power
Talismans
 b - a beast talisman
 c - a flux talisman
 s - a beast talisman
Wands
 o - a wand of polymorph (7)
Scrolls
 e - a scroll of enchant armour {unknown}
 h - a scroll of enchant weapon {unknown}
 i - 6 scrolls of identify {unknown}
 j - a scroll of teleportation {unknown}
 m - a scroll of fear {unknown}
 p - a scroll of blinking {unknown}
 r - 3 scrolls of fog {unknown}
 u - a scroll of poison {unknown}
 z - a scroll of immolation {unknown}
 B - 3 scrolls of torment {unknown}
Potions
 d - a potion of might
 g - a potion of berserk rage {unknown}
 k - a potion of brilliance {unknown}
 l - a potion of cancellation {unknown}
 t - a potion of heal wounds {unknown}
 w - a potion of ambrosia {unknown}


   Skills:
 - Level 1.1 Fighting
 - Level 1.7 Dodging
 + Level 7.1 Unarmed Combat
 + Level 6.6 Shapeshifting


You had 6 spell levels left.
You didn't know any spells.
Your spell library contained the following spells:

 Spells                   Type           Power      Damage    Failure   Level
 Blink                    Tloc           0%         N/A       54%         2
 Lesser Beckoning         Tloc           0%         N/A       54%         2
 Momentum Strike          Conj/Tloc      0%         3d8       54%         2
 Dazzling Flash           Conj/Hex       0%         N/A       78%         3
 Ozocubu's Armour         Ice            0%         N/A       78%         3
 Volatile Blastmotes      Fire/Tloc      0%         2d10      78%         3
 Starburst                Conj/Fire      0%         6d3       100%        6
 Ozocubu's Refrigeration  Ice            0%         4d7       100%        7
 Maxwell's Capacitive Co  Air            0%         ∞         100%        8


Dungeon Overview and Level Annotations

Branches:
Dungeon (6/15)             Temple (1/1) D:5

Altars:
Elyvilon
Fedhas
Hepliaklqana
Kikubaaqudgha
Nemelex Xobeh
Qazlal
Trog
Uskayaw
Wu Jian
Yredelemnul
Zin
Lugonu

Shops:
D:4 *   D:5 (


Innate Abilities, Weirdness & Mutations

You are a hulking beast.
Your limbs bulge with bestial killing power. (Slay +3)
You can breathe blasts of fire.
Your fiery red scales are hard. (AC +6)
You cannot fit into any form of body armour.
Your flesh is heat resistant. (rF+)
You are cold-blooded and may be slowed by cold attacks.


Message History

You block the ufetubus's attack. The orc barely misses you.
The orc hits you with a +0 club. Something hits you.
The ufetubus closely misses you. x2
Aiming: Breathe Fire (5% risk of failure)
Press: ? - help, Shift-Dir - straight line, f - ufetubus
Aim: an ufetubus (48% to hit)
You breathe a blast of fire.
The fiery breath misses the orc.
The fiery breath hits the ufetubus!!
The ufetubus is burned terribly!
You kill the ufetubus!
Qazlal accepts your kill.
The ufetubus hits you but does no damage.
The ufetubus closely misses you. Something hits you but does no damage.
The orc hits you with a +0 short sword. The orc barely misses you.
The orc misses you.
You hit the orc but do no damage. The ufetubus misses you.
The ufetubus closely misses you. Something hits you. The orc barely misses you.
You block the orc's attack. The orc closely misses you.
The adder hisses angrily.
You punch the orc!
You kill the orc!
Qazlal accepts your kill. The ufetubus closely misses you.
The ufetubus hits you.
The ufetubus barely misses you. x2; The orc barely misses you.
The orc closely misses you. You block something's attack.
You punch something! The ufetubus barely misses you. x2
You barely miss something. The orc hits you but does no damage.
You block the ufetubus's attack. The ufetubus barely misses you.
The orc hits you with a +1 war axe of electrocution!
You are electrocuted!
* * * LOW HITPOINT WARNING * * *
You hear some strange, mumbled words.
You are confused.
Okay, then.
The ufetubus attacks as it pursues you! The ufetubus misses you.
The ufetubus hits you but does no damage.
The orc barely misses you.
The orc hits you with a +1 war axe of electrocution.
* * * LOW HITPOINT WARNING * * *
You are electrocuted!
You die...

#.....# ### .
#...###########....
...##......)...S.......
........<..))..........
.......)#.#########....
.....$..#.### #
##.#.##...S.####### # #
##...5{......
#..oho......
#...........
....:#.........
.#######..###.. #.☼ .
... .... ...##


You could see an adder, an ufetubus and 2 orcs.

Vanquished Creatures
  A water moccasin (D:6)
  An ice beast (D:5)
  A black bear (D:4)
  An ogre (D:6)
  A scorpion (D:5)
  A hound (D:4)
  2 jellies
  4 orc priests
  2 iguanas
  2 orc wizards (D:5)
  4 gnolls (D:5)
  4 adders
  A river rat (D:3)
  A shadow imp (D:5)
  An ufetubus (D:6)
  A dart slug (D:2)
  24 orcs
  5 ball pythons
  An endoplasm (D:1)
  2 giant cockroaches
  3 goblins
  3 hobgoblins
  4 jackals (D:2)
  6 quokkas
  5 bats
  A frilled lizard (D:1)
  6 kobolds
  7 rats
95 creatures vanquished.

Notes
Turn   | Place    | Note
-------+----------+-------------------------------------------
     0 | D:1      | BigPumpCobain the Draconian Shapeshifter began the quest
                  | for the Orb.
     0 | D:1      | Reached XP level 1. HP: 16/16 MP: 1/1
   137 | D:1      | Reached XP level 2. HP: 23/23 MP: 2/2
  1019 | D:2      | Reached XP level 3. HP: 21/28 MP: 3/3
  1276 | D:3      | Found a glowing drain.
  1337 | D:3      | Identified the ring "Atetoirph" {Will- rCorr Str+6 Int-2
                  | Dex+4}
  1524 | D:3      | Reached skill level 4 in Unarmed Combat
  1524 | D:3      | Reached XP level 4. HP: 27/35 MP: 4/4
  1903 | D:3      | Found a faded altar of an unknown god.
  2371 | D:4      | Reached XP level 5. HP: 34/40 MP: 5/5
  2459 | D:4      | Found a glowing silver altar of Zin.
  2459 | D:4      | Identified the +3 short sword "Zason" {speed, Str+4 Int+4}
  2460 | D:4      | Found a white marble altar of Elyvilon.
  2585 | D:4      | Noticed a black bear
  2596 | D:4      | Killed a black bear
  2597 | D:4      | Reached skill level 5 in Unarmed Combat
  2597 | D:4      | Reached skill level 5 in Shapeshifting
  2597 | D:4      | Reached XP level 6. HP: 36/47 MP: 6/6
  2866 | D:4      | Found Zemmai's Mass Market.
  3195 | D:5      | Entered Level 5 of the Dungeon
  3309 | D:5      | Noticed an ice beast
  3316 | D:5      | Killed an ice beast
  3346 | D:5      | Reached skill level 6 in Unarmed Combat
  3346 | D:5      | Your scales start taking on a fiery red colour.
  3346 | D:5      | Reached XP level 7. HP: 51/52 MP: 7/7
  3346 | D:5      | Gained mutation: Your flesh is heat resistant. (rF+) [Red
                  | Draconian growth]
  3568 | D:5      | Found Keoloten's Weapon Boutique.
  3615 | D:5      | HP: 3/78 [poisoned by an orc wizard]
  3926 | D:5      | Found a staircase to the Ecumenical Temple.
  3955 | Temple   | Entered the Ecumenical Temple
  3981 | Temple   | Became a worshipper of Qazlal Stormbringer
  4069 | D:6      | Reached skill level 7 in Unarmed Combat
  4080 | D:6      | Slain by an orc

Illustrated notes

Levels and vault maps discovered:
D:1:      lightli_arrival_lavapool, layout_loops_cross
D:2:      layout_rooms
D:3:      layout_basic, portal_sewer_entry_b,
          hellmonk_ecumenical_altar_inner_sanctum, wad_floor_pattern_untrapped
D:4:      layout_loops_ring, nicolae_overflow_squiral, grunt_decor_cap,
          hangedman_abyss_or_decor_passed, minmay_shop_mass, corexii_shack,
          uniq_crazy_yiuf_cottage
D:5:      layout_loops_corners, minmay_temple_entry_overgrown, serial_shops,
          nicolae_shop_real_fake_doors, kennysheep_generic_room_14
D:6:      layout_rooms, serial_shops, nicolae_shop_peninsula, uniq_edmund
Temple:   corrupted_temple

Skill      XL: |  1  2  3  4  5  6  7 |
---------------+----------------------+-----
Unarmed Combat | 4 5 6 7 |  7.1
Shapeshifting  | 4 5 6 |  6.6
Fighting       | |  1.1
Dodging        | |  1.7

Action                     |  1- 3 |  4- 6 |  7- 9 || total
---------------------------+-------+-------+-------++-------
  Melee: Unarmed           |   115 |    94 |    70 ||   279
         Tailslap          |     9 |     8 |     9 ||    26
         Punch             |     2 |     2 |     5 ||     9
         Short sword       |       |     7 |       ||     7
Ability: Breathe Fire      |       |       |     2 ||     2
    Use: Potion            |       |     1 |     4 ||     5
   Stab: Sleeping          |     1 |       |     1 ||     2
 Armour: Skin              |    48 |    45 |    64 ||   157
  Dodge: Dodged            |    87 |    49 |    57 ||   193
  Block: Other             |    20 |    20 |    17 ||    57
         Reflection        |       |     1 |       ||     1

Table legend: (Time is in decaauts)
 A = Elapsed time spent in this place.
 B = Non-inter-level travel time spent in this place.
 C = Inter-level travel time spent in this place.
 D = Time resting spent in this place.
 E = Time spent auto-exploring this place.
 F = Levels seen in this place.
 G = Mean time per level.
                   A        B        C        D        E       F      G
               +--------+--------+--------+--------+--------+-----+--------+
         Total |   4050 |   3863 |    187 |    249 |   3010 |   7 |  578.6 |
       Dungeon |   4008 |   3838 |    170 |    249 |   3010 |   6 |  668.0 |
        Temple |     42 |     26 |     16 |      0 |      0 |   1 |   42.0 |
               +--------+--------+--------+--------+--------+-----+--------+

Top non-repeatable levels by time:
     D:3: 1078 daAuts
     D:4: 1005 daAuts
     D:5: 759 daAuts
     D:1: 643 daAuts
     D:2: 465 daAuts
     D:6: 56 daAuts
  Temple: 42 daAuts
